 Dungeon Crawl Stone Soup version 0.30-a0-953-g5f1da4a474 (webtiles) character file.

Game seed: 13249889061526565182

192882 Jackthecabe the Fencer (level 18, -8/129 HPs)
             Began as a Barachi Gladiator on Mar 28, 2023.
             Was the Champion of Dithmenos.
             Mangled by a radroach (51 damage)
             ... on level 1 of the Spider Nest.
             The game lasted 01:31:37 (33326 turns).

Jackthecabe the Fencer (Barachi Gladiator)         Turns: 33326, Time: 01:31:38

Health: -8/129     AC: 27    Str: 23    XL:     18   Next: 25%
Magic:  22/22      EV: 24    Int:  9    God:    Dithmenos [******]
Gold:   771        SH:  0    Dex: 27    Spells: 11/23 levels left

rFire   . . .      SeeInvis +    a - +8 triple sword (heavy)
rCold   . . .      Faith    .    (shield currently unavailable)
rNeg    + . .      Spirit   .    w - +3 scale mail of Snakes and Ladders {rN+ Str+5 Dex+5}
rPois   +          Reflect  .    M - +2 hat
rElec   .          Rampage  .    j - +0 cloak
rCorr   .                        v - +1 pair of gloves
Will    ++...                    J - +2 pair of boots
Stlth   +                        C - amulet of regeneration
HPRegen 1.21/turn                T - +4 ring of protection
MPRegen 0.18/turn                B - ring "Taugy" {rPois Will+ Dex+3 SInv}

@: contaminated, glowing, slow
A: amphibious, slowness 1, strong legs 2, +LOS
}: 1/15 runes: decaying
a: Hop, Renounce Religion, Shadow Step, Shadow Form


You were on level 1 of the Spider Nest.
You worshipped Dithmenos.
Dithmenos was exalted by your worship.
You visited 6 branches of the dungeon, and saw 28 of its levels.
You also visited: Sewer, Ossuary and Bailey.

You collected 2820 gold pieces.
You spent 2049 gold pieces at shops.


Innate Abilities, Weirdness & Mutations

You are amphibious.
You cover ground slowly.
You can hop long distances.
You have an extended range of vision and can be seen from far away.


   Skills:
 - Level 8.0 Fighting
 + Level 19.2 Long Blades
 - Level 14.0 Ranged Weapons
 - Level 2.0 Throwing
 - Level 16.0 Armour
 - Level 15.0 Dodging
 + Level 3.0 Spellcasting
 - Level 12.0 Translocations
 + Level 4.7 Transmutations
 - Level 8.0 Ice Magic
 - Level 4.0 Invocations
 - Level 6.0 Evocations


You had 11 spell levels left.
You knew the following spells:

 Your Spells              Type           Power      Damage    Failure   Level
f - Frozen Ramparts       Ice            30%        1d5       6%          3
m - Manifold Assault      Tloc           22%        N/A       4%          4
o - Portal Projectile     Hex/Tloc       24%        N/A       14%         3
w - Wereblood             Tmut           9%         N/A       12%         2

Your spell library contained the following spells:

 Spells                   Type           Power      Damage    Failure   Level
 Apportation              Tloc           44%        N/A       1%          1
 Lesser Beckoning         Tloc           44%        N/A       1%          2
 Gell's Gravitas          Tloc           22%        N/A       1%          3
 Teleport Other           Tloc           22%        N/A       1%          3
 Beastly Appendage        Tmut           18%        N/A       8%          1
 Passwall                 Tmut/Erth      4%         N/A       32%         2
 Ice Form                 Ice/Tmut       12%        N/A       38%         4
 Sandblast                Erth           2%         2d4       50%         1
 Slow                     Hex            4%         N/A       50%         1
 Summon Small Mammal      Summ           4%         N/A       50%         1
 Dispersal                Tloc           11%        N/A       52%         6
 Spider Form              Tmut/Pois      5%         N/A       54%         3
 Cigotuvi's Dreadful Rot  Necr/Pois/Air  2%         N/A       63%         2
 Poisonous Vapours        Pois/Air       2%         N/A       63%         2
 Sublimation of Blood     Necr           1%         N/A       63%         2
 Summon Ice Beast         Ice/Summ       8%         N/A       71%         4
 Summon Forest            Summ/Tloc      6%         N/A       78%         5
 Call Canine Familiar     Summ           1%         N/A       86%         3
 Confusing Touch          Hex            1%         N/A       86%         3
 Mephitic Cloud           Conj/Pois/Air  1%         N/A       86%         3
 Stone Arrow              Conj/Erth      2%         3d7       86%         3
 Summon Guardian Golem    Hex/Summ       1%         N/A       86%         3
 Tukima's Dance           Hex            1%         N/A       86%         3
 Vampiric Draining        Necr           1%         2d6       86%         3
 Petrify                  Tmut/Erth      5%         N/A       91%         4
 Blade Hands              Tmut           4%         N/A       91%         5
 Animate Dead             Necr           1%         N/A       99%         4
 Alistair's Intoxication  Tmut/Pois      3%         N/A       99%         5
 Irradiate                Conj/Tmut      2%         3d12      99%         5
 Summon Mana Viper        Hex/Summ       1%         N/A       100%        5
 Statue Form              Tmut/Erth      3%         N/A       100%        6
 Summon Cactus Giant      Summ           0%         N/A       100%        6
 Haunt                    Necr/Summ      0%         N/A       100%        7
 Summon Hydra             Summ           0%         N/A       100%        7
 Disjunction              Tloc           11%        N/A       100%        8
 Infestation              Necr           0%         N/A       100%        8
 Lehudib's Crystal Spear  Conj/Erth      0%         10d2      100%        8

Inventory:

Hand Weapons
 a - a +8 heavy triple sword (weapon)
 b - the +11 sling "Uxippi" {freeze, rElec MP+9 Int+2 Dex+3}
   (You took it off an orc on level 7 of the Dungeon)

   Int:       It affects your intelligence (+2).
   Dex:       It affects your dexterity (+3).
   rElec:     It insulates you from electricity.
   MP:        It affects your magic capacity (+9).
Missiles
 d - 4 throwing nets {=f}
 e - 10 javelins
Armour
 j - a +0 cloak (worn)
 v - a +1 pair of gloves (worn)
 w - the +3 scale mail of Snakes and Ladders (worn) {rN+ Str+5 Dex+5}
   (You bought it in a shop on level 2 of the Orcish Mines)

   Str:       It affects your strength (+5).
   Dex:       It affects your dexterity (+5).
   rN:        It protects you from negative energy.
 I - +0 fire dragon scales
 J - a +2 pair of boots (worn)
 M - a +2 hat (worn)
Jewellery
 c - a ring of protection from cold
 B - the ring "Taugy" (right hand) {rPois Will+ Dex+3 SInv}
   (You acquired it on level 8 of the Dungeon)

   [ring of see invisible]

   Dex:       It affects your dexterity (+3).
   rPois:     It protects you from poison.
   SInv:      It lets you see invisible.
   Will:      It increases your willpower.
 C - an amulet of regeneration (around neck)
 E - a +5 ring of evasion
 L - a ring of flight
 T - a +4 ring of protection (left hand)
Wands
 i - a wand of flame (3)
 A - a wand of digging (21)
 F - a wand of mindburst (40)
 R - a wand of charming (26)
 U - a wand of roots (39)
 X - a wand of light (3)
 Z - a wand of polymorph (2)
Scrolls
 h - 16 scrolls of teleportation {@r2}
 k - 6 scrolls of immolation
 n - 2 scrolls of silence {!r}
 q - 5 scrolls of magic mapping
 y - 3 scrolls of blinking
 D - 6 scrolls of enchant armour
 G - a scroll of acquirement
 H - 6 scrolls of vulnerability
 K - 4 scrolls of fear
 P - 4 scrolls of fog
 S - 2 scrolls of poison
 W - 2 scrolls of brand weapon
Potions
 f - 3 potions of attraction
 g - 6 potions of brilliance
 l - 4 potions of flight
 m - 8 potions of mutation
 o - 5 potions of haste {@q3}
 p - 14 potions of curing {@q1}
 r - 6 potions of resistance
 s - 2 potions of ambrosia
 t - 4 potions of cancellation
 u - 2 potions of might
 x - 2 potions of invisibility
 z - 4 potions of heal wounds {@q2}
 Q - a potion of berserk rage {!q}
 V - a potion of lignification
Miscellaneous
 Y - a tin of tremorstones (2/2)

Dungeon Overview and Level Annotations

Branches:
Dungeon (15/15)            Temple (1/1) D:7            Lair (5/5) D:10
  Swamp (4/4) Lair:3       Spider (1/4) Lair:2        Slime (0/5) Lair:5
    Orc (2/2) D:9             Elf (0/3) Orc:2        Vaults (0/5) D:13
 Depths (0/4) D:15          Sewer (visited)         Ossuary (visited)
 Bailey (visited)

Altars:
Ashenzari
Cheibriados
Dithmenos
Elyvilon
Fedhas
Gozag
Hepliaklqana
Kikubaaqudgha
Makhleb
Nemelex Xobeh
Okawaru
Qazlal
Ru
Sif Muna
Trog
Uskayaw
Vehumet
Wu Jian
Xom
Yredelemnul
Zin
The Shining One

Shops:
D:2 !   D:11 :   Orc:1 :   Orc:2 [*:!

Portals:
Pandemonium: Orc:2
Trove: D:14 (give +5 fire dragon scales)

Annotations:
Swamp:1 2 transporters

...# . . .. #......#.
....... # .... ..#
........ ##.
...#..####.......#
#...#...#...#.........#
#...#.......#....#...
#...#..#.......##^#.
##§....#....#..#.#
#@§...÷.........#.
##B...............
#.#.#....#.##.##.
#............#...
#.....>.#.......#
#....#.^#........
#.....#...#..#^....
#..#....#.#...###..
#^..#.#.#......# #..


You could see a radroach.


Message History

There is a hole to the Spider Nest here.
You feel your magic capacity decrease.
The +11 sling "Uxippi" {freeze, rElec MP+9 Int+2 Dex+3} stops glowing.
a - a +8 heavy triple sword (weapon)
You start resting.
You are ready to hop once more.
You start resting.
Magic restored.
You climb downwards.
Welcome back to the Spider Nest!
This branch contains the gossamer rune of Zot.
The radroach completely misses you. The radroach barely misses you.
The radroach closely misses you. x2
There is a crawl-hole back to the Lair, spattered with blood here.
You slice the radroach like a ripe choko!!!
The radroach is heavily wounded.
Your shadow hits the radroach but does no damage.
The radroach erupts in a fountain of uncontrolled magic!
You are blasted with magical radiation!!!
You emit a cloud of dark smoke.
You are very lightly contaminated with residual magic.
You hit the radroach.
The radroach is severely wounded.
The radroach erupts in a fountain of uncontrolled magic!
You are blasted with magical radiation!!!
* * * LOW HITPOINT WARNING * * *
You emit a cloud of dark smoke.
You are contaminated with residual magic.
The radroach erupts in a fountain of uncontrolled magic!
You are blasted with magical radiation!!!
You die...

Skill      XL: |  1  2  3  4  5  6  7  8  9 10 11 12 13 14 15 16 17 18 |
---------------+-------------------------------------------------------+-----
Long Blades    | 4 5 6 7 8 10 13 16 18 19 | 19.2
Ice Magic      | 2 3 5 6 8 |  8.0
Ranged Weapons | 1 2 4 7 10 11 13 14 | 14.0
Spellcasting   | 2 3 |  3.0
Evocations     | 3 4 6 |  6.0
Fighting       | 5 8 |  8.0
Invocations    | 4 |  4.0
Armour         | 4 12 16 | 16.0
Dodging        | 5 13 15 | 15.0
Translocations | 5 8 11 12 | 12.0
Transmutations | 4 |  4.7
Throwing       | |  2.0

Action                     |  1- 3 |  4- 6 |  7- 9 | 10-12 | 13-15 | 16-18 || total
---------------------------+-------+-------+-------+-------+-------+-------++-------
  Melee: Long sword        |   111 |   128 |   117 |   128 |       |       ||   484
         Punch             |       |     1 |     1 |       |       |       ||     2
         Triple sword      |       |       |       |       |   306 |   665 ||   971
   Fire: Shortbow          |       |     9 |   194 |       |       |       ||   203
         Sling             |       |       |    66 |   543 |   987 |     9 ||  1605
  Throw: Throwing net      |       |     1 |       |       |       |       ||     1
   Cast: Frozen Ramparts   |       |       |    29 |    42 |    52 |     7 ||   130
         Manifold Assault  |       |       |       |       |       |   173 ||   173
 Invoke: Shadow Step       |       |       |       |       |     1 |       ||     1
Ability: Hop               |       |     1 |     1 |     3 |    11 |    10 ||    26
  Evoke: Wand              |       |       |     7 |    10 |     4 |       ||    21
    Use: Scroll            |       |     7 |     1 |    11 |    14 |     3 ||    36
         Potion            |       |     1 |     2 |       |     8 |       ||    11
   Stab: Sleeping          |     1 |     4 |     2 |       |       |       ||     7
         Distracted        |       |       |     1 |       |       |       ||     1
         Invisible         |       |       |       |       |     3 |       ||     3
 Armour: Leather armour    |    51 |       |       |       |       |       ||    51
         Ring mail         |       |    31 |       |       |       |       ||    31
         Robe              |       |    11 |   121 |     8 |       |       ||   140
         Troll leather arm |       |       |       |   199 |   133 |       ||   332
         Scale mail        |       |       |       |       |   208 |   348 ||   556
  Dodge: Dodged            |    92 |    82 |   260 |   355 |  1321 |   904 ||  3014

Levels and vault maps discovered:
D:1:      saegor_arrival_miasma, layout_basic
D:2:      layout_loops_ring, basic_altar, hellmonk_ecumenical_altar_blasted,
          serial_shops, shop_fountains
D:3:      layout_basic, nicolae_gozag_conspicuous_consumption
D:4:      layout_cave_pools, uniq_natasha
D:5:      layout_basic, enter_ossuary_2, gup_sewer_entry_pipe
D:6:      layout_basic, trog_antimagical, nzn_hepliaklqana_mist_gate,
          uniq_eustachio
D:7:      nicolae_BIG_FREAKIN_CUBE, layout_basic, minmay_temple_entry_offerings,
          minmay_misc_feat_plants, minmay_misc_feat_hallway, uniq_pikel
D:8:      layout_basic, old_standard_altar, kennysheep_little_box,
          hex_intersection
D:9:      hangedman_screamer, layout_loops_ring, mainiacjoe_overflow_alcove_4,
          mainiacjoe_overflow_cross_hatched, orc_0_dummy, enter_bailey_5
D:10:     layout_stronghold, general_overflow_altar, lair_entry_dummy
D:11:     lemuel_troll_bridge, layout_basic, serial_shops, nicolae_shop_trees,
          minmay_fountain_box, minivault_24, chequers_serial_rivers_marsh,
          nicolae_dithmenos_the_darkroom, uniq_nergalle
D:12:     minmay_the_grid_triangle_9x9_recursive_3_mashed
          [minmay_the_grid_triangle_9x9_warning,
          minmay_the_grid_triangle_9x9_thin_v,
          minmay_the_grid_triangle_9x9_descending_squares,
          minmay_the_grid_triangle_9x9_prize_center,
          minmay_the_grid_triangle_9x9_pentomino_pain,
          minmay_the_grid_triangle_9x9_sparse_checkered,
          minmay_the_grid_triangle_9x9_empty,
          minmay_the_grid_triangle_9x9_odd_lines,
          minmay_the_grid_triangle_9x9_dagger], layout_long_grid, uniq_sonja,
          uniq_frances, uniq_gastronok
D:13:     layout_cave_pools, erik_vaults_2, uniq_josephine
D:14:     layout_roguey, enter_trove_5
D:15:     gammafunk_depths_entry_grave, layout_basic, serial_curves,
          eino_curves_02, eino_curves_03, hangedman_decor_riveting
Temple:   eino_temple_lava
Lair:1:   layout_loops_ring
Lair:2:   layout_cave_pods, dummy_spider_entry,
          eino_small_chamber_without_monster, grunt_megastairs_2
Lair:3:   minmay_lair_oklob_tunnel, layout_misc_corridors, swamp_mist
Lair:4:   layout_concentric_octagons, minmay_lair_oklob_items
Lair:5:   cheibrodos_lair_end_hotspot, layout_gridlike, slime_entry_1,
          basic_altar
Swamp:1:  gammafunk_worm_tunnel, layout_falls_marsh, nicolae_swamp_fairy_circle,
          swamp_pool3, uniq_jorgrun, uniq_roxanne
Swamp:2:  layout_falls_marsh, evilmike_swamp_ruin_house_1, swamp_pool4,
          hangedman_swamp_dais
Swamp:3:  cheibrodos_swamp_tower_of_moss, layout_basic_swamp,
          infiniplex_staircase_pool
Swamp:4:  swamp_basic_johnstein, layout_basic_swamp, uniq_mlioglotl
Spider:1: layout_spider_delve, uniq_asterion
Orc:1:    layout_caves, basic_altar, nicolae_shop_self_help
Orc:2:    pf_orc_diabolical, layout_caves, lemuel_statue_altar,
          statue_in_the_mist_lemuel

Notes
Turn   | Place    | Note
-------+----------+-------------------------------------------
     0 | D:1      | Jackthecabe the Barachi Gladiator began the quest for the
                  | Orb.
     0 | D:1      | Reached XP level 1. HP: 17/17 MP: 1/1
    54 | D:1      | Reached skill level 4 in Long Blades
   150 | D:1      | Reached XP level 2. HP: 23/23 MP: 2/2
   613 | D:1      | Reached skill level 5 in Long Blades
   613 | D:1      | Reached XP level 3. HP: 21/28 MP: 3/3
   803 | D:2      | Found a faded altar of an unknown god.
   846 | D:2      | Found an opulent altar of Gozag.
   967 | D:2      | Found Subuk's Distillery.
  1002 | D:2      | Bought a potion of heal wounds for 60 gold pieces
  1410 | D:3      | Reached XP level 4. HP: 32/34 MP: 4/4
  1625 | D:3      | Reached skill level 6 in Long Blades
  1917 | D:3      | Found an opulent altar of Gozag.
  1919 | D:3      | Found an opulent altar of Gozag.
  1923 | D:3      | Found an opulent altar of Gozag.
  1926 | D:3      | Found an opulent altar of Gozag.
  2022 | D:4      | Noticed Natasha
  2032 | D:4      | Killed Natasha
  2033 | D:4      | Reached XP level 5. HP: 37/39 MP: 5/5
  2039 | D:4      | Learned a level 3 spell: Frozen Ramparts
  2088 | D:4      | Noticed Natasha
  2128 | D:3      | Killed Natasha
  2129 | D:3      | Reached skill level 1 in Ice Magic
  2239 | D:4      | Identified the +0 robe of the Sky {+Inv rPois Will++ rCorr}
  2242 | D:4      | Reached skill level 7 in Long Blades
  2547 | D:5      | Entered Level 5 of the Dungeon
  2557 | D:5      | Reached skill level 2 in Ice Magic
  2559 | D:5      | Noticed a phantom
  2578 | D:4      | Killed a phantom
  2579 | D:4      | Reached skill level 1 in Ranged Weapons
  2579 | D:4      | Reached XP level 6. HP: 44/46 MP: 6/6
  2621 | D:5      | Noticed a black bear
  2625 | D:5      | Found a sand-covered staircase.
  2631 | D:5      | Killed a black bear
  2632 | D:5      | Reached skill level 2 in Ranged Weapons
  2632 | D:5      | Reached skill level 3 in Ice Magic
  2635 | Ossuary  | Entered an ossuary
  2748 | Ossuary  | Noticed a wraith
  2748 | Ossuary  | Noticed a flying skull
  2760 | Ossuary  | Noticed a flying skull
  2761 | Ossuary  | Noticed a flying skull
  2762 | Ossuary  | Noticed a flying skull
  2794 | Ossuary  | Reached XP level 7. HP: 49/51 MP: 7/7
  2800 | Ossuary  | Noticed a flying skull
  2806 | Ossuary  | Noticed a wraith
  2814 | Ossuary  | HP: 3/51 [wraith (8)]
  2819 | Ossuary  | HP: 4/51 [wraith (12)]
  2821 | Ossuary  | Killed a wraith
  2822 | Ossuary  | Reached skill level 8 in Long Blades
  2822 | Ossuary  | Reached skill level 3 in Ranged Weapons
  2822 | Ossuary  | Reached skill level 4 in Ice Magic
  3015 | D:5      | Found a glowing drain.
  3037 | Sewer    | Entered a sewer
  3126 | Sewer    | Noticed Pargi
  3142 | Sewer    | Killed Pargi
  3143 | Sewer    | Reached skill level 4 in Ranged Weapons
  3330 | D:5      | Reached skill level 5 in Ice Magic
  3330 | D:5      | Reached XP level 8. HP: 50/57 MP: 8/8
  4119 | D:6      | Noticed Eustachio
  4143 | D:6      | Killed Eustachio
  4144 | D:6      | Reached skill level 5 in Ranged Weapons
  4144 | D:6      | Reached skill level 6 in Ice Magic
  4360 | D:6      | Reached skill level 6 in Ranged Weapons
  4617 | D:6      | Reached skill level 7 in Ranged Weapons
  4974 | D:6      | Found a hazy altar of Hepliaklqana.
  5073 | D:6      | Reached XP level 9. HP: 42/62 MP: 1/9
  5191 | D:6      | Reached skill level 8 in Ranged Weapons
  5216 | D:6      | Found a bloodstained altar of Trog.
  5556 | D:7      | Identified a +2 robe of resistance
  5556 | D:7      | Noticed Pikel
  5727 | D:7      | Reached skill level 9 in Ranged Weapons
  5767 | D:7      | Identified the +11 sling "Uxippi" {freeze, rElec MP+9 Int+2
                  | Dex+3}
  5907 | D:7      | Killed Pikel
  5908 | D:7      | Reached skill level 10 in Ranged Weapons
  5971 | D:7      | Reached skill level 1 in Spellcasting
  5982 | D:7      | Reached skill level 2 in Spellcasting
  6134 | D:7      | Reached skill level 1 in Evocations
  6147 | D:7      | Reached skill level 2 in Evocations
  6153 | D:7      | Reached skill level 3 in Evocations
  6161 | D:7      | Reached skill level 3 in Fighting
  6317 | D:7      | Reached skill level 4 in Fighting
  6325 | D:7      | Reached skill level 5 in Fighting
  6325 | D:7      | Reached XP level 10. HP: 66/74 MP: 13/13
  6474 | D:7      | Found a staircase to the Ecumenical Temple.
  6481 | Temple   | Entered the Ecumenical Temple
  6539 | Temple   | Became a worshipper of Dithmenos the Shadowed
  6974 | D:8      | Found a stormy altar of Qazlal.
  7336 | D:2      | Bought a potion of berserk rage for 60 gold pieces
  7336 | D:2      | Bought a potion of resistance for 120 gold pieces
  7336 | D:2      | Bought a potion of mutation for 96 gold pieces
  7336 | D:2      | Bought a potion of brilliance for 48 gold pieces
  7336 | D:2      | Identified a scroll of acquirement
  7492 | D:8      | Acquired the ring "Taugy" {rPois Will+ Dex+3 SInv}
  7540 | D:8      | Reached skill level 6 in Fighting
  7770 | D:8      | Reached skill level 7 in Fighting
  7856 | D:8      | Reached skill level 8 in Fighting
  7864 | D:8      | Reached skill level 1 in Invocations
  7866 | D:8      | Reached skill level 2 in Invocations
  8282 | D:8      | Found a radiant altar of Vehumet.
  8757 | D:9      | Found a burning altar of Makhleb.
  8789 | D:9      | Reached skill level 3 in Invocations
  8859 | D:9      | Found an iron altar of Okawaru.
  8916 | D:9      | Reached skill level 4 in Invocations
  8949 | D:9      | Reached skill level 7 in Ice Magic
  9047 | D:9      | Found a flagged portal.
  9132 | Bailey   | Entered a bailey
  9140 | Bailey   | Reached * piety under Dithmenos
  9164 | Bailey   | Reached skill level 8 in Ice Magic
  9164 | Bailey   | Reached skill level 1 in Armour
  9175 | Bailey   | Reached skill level 2 in Armour
  9181 | Bailey   | Reached skill level 3 in Armour
  9279 | Bailey   | Reached skill level 4 in Armour
  9279 | Bailey   | Reached XP level 11. HP: 62/86 MP: 9/14
  9328 | Bailey   | Reached skill level 5 in Armour
  9402 | Bailey   | Reached skill level 6 in Armour
  9461 | Bailey   | Noticed a vault guard
  9492 | Bailey   | Killed a vault guard
  9493 | Bailey   | Reached skill level 7 in Armour
  9565 | Bailey   | Noticed Prince Ribbit
  9565 | Bailey   | Noticed a vault guard
  9588 | Bailey   | Killed a vault guard
  9591 | Bailey   | Killed Prince Ribbit
  9592 | Bailey   | Reached skill level 8 in Armour
  9647 | D:9      | Reached ** piety under Dithmenos
  9650 | D:9      | Reached skill level 9 in Armour
  9680 | D:9      | Found a staircase to the Orcish Mines.
  9741 | D:9      | Reached skill level 10 in Armour
  9766 | D:9      | Noticed a skeletal warrior
  9771 | D:9      | Reached skill level 11 in Armour
  9902 | D:9      | Noticed a boulder beetle
  9923 | D:9      | Killed a boulder beetle
 10102 | D:9      | Reached skill level 12 in Armour
 10147 | D:9      | Reached XP level 12. HP: 92/92 MP: 15/15
 10151 | D:9      | Noticed Josephine
 10168 | D:9      | Killed Josephine
 10516 | D:10     | Entered Level 10 of the Dungeon
 10617 | D:10     | Found a staircase to the Lair.
 10694 | D:10     | Reached skill level 13 in Armour
 10705 | D:10     | Reached *** piety under Dithmenos
 10983 | D:10     | Reached skill level 14 in Armour
 11042 | D:10     | Found a shimmering altar of Xom.
 11353 | D:10     | Noticed a two-headed ogre
 11360 | D:10     | Killed a two-headed ogre
 11643 | D:11     | Reached skill level 15 in Armour
 11829 | D:11     | Noticed a boulder beetle
 11937 | D:11     | Reached **** piety under Dithmenos
 11947 | D:11     | Found a shadowy altar of Dithmenos.
 11980 | D:11     | Found Plog's Book Boutique.
 12223 | D:11     | Killed a boulder beetle
 12314 | D:11     | Reached skill level 16 in Armour
 12574 | D:11     | Reached skill level 4 in Dodging
 12679 | D:11     | Noticed Nergalle
 12687 | D:11     | Killed Nergalle
 12688 | D:11     | Reached skill level 5 in Dodging
 12773 | D:11     | Gained mutation: You can hop long distances. [Barachi
                  | growth]
 12773 | D:11     | Reached XP level 13. HP: 85/98 MP: 16/16
 12801 | D:11     | Reached skill level 6 in Dodging
 12940 | D:12     | Reached skill level 7 in Dodging
 13040 | D:12     | Reached skill level 8 in Dodging
 13198 | Lair:1   | Entered Level 1 of the Lair of Beasts
 13551 | Lair:1   | Reached skill level 9 in Dodging
 14117 | Lair:2   | Reached skill level 10 in Dodging
 14402 | Lair:2   | Reached skill level 11 in Dodging
 14407 | Lair:2   | Reached ***** piety under Dithmenos
 14534 | Lair:2   | You fall into a shaft and drop 2 floors!
 14632 | Lair:3   | Found a staircase to the Swamp.
 14638 | Lair:2   | Found a hole to the Spider Nest.
 15364 | Lair:3   | Reached skill level 12 in Dodging
 15790 | Lair:3   | Reached skill level 13 in Dodging
 15801 | Lair:3   | Reached XP level 14. HP: 105/105 MP: 17/17
 16434 | Lair:4   | Reached skill level 14 in Dodging
 17041 | Lair:5   | Entered Level 5 of the Lair of Beasts
 17041 | Lair:5   | Found a staircase to the Slime Pits.
 17041 | Lair:5   | Found an ornate altar of the Wu Jian Council.
 17368 | Lair:4   | Reached skill level 15 in Dodging
 17475 | Lair:4   | Acquired a +1 heavy triple sword
 18059 | Lair:5   | Found a large runed translucent door.
 18059 | Lair:5   | Found a large runed translucent door.
 18161 | Lair:5   | Reached skill level 9 in Long Blades
 18161 | Lair:5   | Reached skill level 11 in Ranged Weapons
 18770 | Orc:1    | Entered Level 1 of the Orcish Mines
 18910 | Orc:1    | Found Zaexo's Self-Improvement Boutique.
 19236 | Orc:1    | Noticed an orc warlord
 19255 | Orc:1    | HP: 8/105 [orc warlord/+0 battleaxe (31)]
 19261 | Orc:1    | Killed an orc warlord
 19455 | Orc:2    | Entered Level 2 of the Orcish Mines
 19499 | Orc:2    | Reached ****** piety under Dithmenos
 19724 | Orc:2    | Reached skill level 10 in Long Blades
 20026 | Orc:2    | Found Wuenom's Distillery.
 20029 | Orc:2    | Found Oteysitya's General Store.
 20070 | Orc:2    | Reached XP level 15. HP: 91/110 MP: 18/18
 20116 | Orc:2    | Bought a potion of lignification for 48 gold pieces
 20116 | Orc:2    | Bought a potion of haste for 160 gold pieces
 20236 | Orc:2    | Found a staircase to the Elven Halls.
 20330 | Orc:2    | Reached skill level 12 in Ranged Weapons
 20350 | Orc:2    | Reached skill level 11 in Long Blades
 20717 | Orc:2    | Found Owagyuq's Antique Armour Emporium.
 20717 | Orc:2    | Found Ynufiunu's Book Shoppe.
 20718 | Orc:2    | Found a one-way gate leading to the halls of Pandemonium.
 20863 | Orc:2    | Bought a pair of embroidered gloves for 255 gold pieces
 20863 | Orc:2    | Bought a shimmering scale mail for 306 gold pieces
 20863 | Orc:2    | Identified the +3 scale mail of Snakes and Ladders {rN+
                  | Str+5 Dex+5} (You bought it in a shop on level 2 of the
                  | Orcish Mines)
 21094 | D:11     | Bought a book of Blood for 392 gold pieces
 21282 | Orc:2    | Bought a book of the Warp for 504 gold pieces
 21285 | Orc:2    | Learned a level 2 spell: Wereblood
 21290 | Orc:2    | Learned a level 4 spell: Manifold Assault
 21294 | Orc:2    | Learned a level 3 spell: Portal Projectile
 21586 | D:12     | Reached skill level 1 in Translocations
 21592 | D:12     | Reached skill level 12 in Long Blades
 21659 | D:12     | Reached skill level 2 in Translocations
 21845 | D:12     | Identified the +4 war axe of Rollauxtui {speed, rElec rPois
                  | rC+}
 21846 | D:12     | Identified the +2 scale mail "Wistrouki" {rF+}
 21857 | D:12     | Reached skill level 13 in Ranged Weapons
 21863 | D:12     | Reached skill level 3 in Translocations
 22069 | D:12     | Identified the staff of air "Naukk" {rElec Str+3}
 22144 | D:12     | Noticed Sonja
 22148 | D:12     | Killed Sonja
 22226 | D:12     | Noticed Gastronok
 22240 | D:12     | Killed Gastronok
 22401 | D:12     | Noticed Frances
 22420 | D:12     | Killed Frances
 22421 | D:12     | Reached skill level 4 in Translocations
 22870 | D:12     | Reached skill level 4 in Evocations
 23192 | D:13     | Identified the +0 chain mail "Angin" {rPois Str+3}
 23227 | D:13     | Reached skill level 13 in Long Blades
 23328 | D:13     | Reached skill level 5 in Translocations
 23600 | D:13     | Reached XP level 16. HP: 75/117 MP: 19/19
 23725 | D:13     | Found a gate to the Vaults.
 23796 | D:13     | Reached skill level 5 in Evocations
 24115 | D:14     | Reached skill level 6 in Translocations
 24197 | D:14     | Found a portal to a secret trove of treasure.
 24607 | D:14     | Reached skill level 6 in Evocations
 25290 | D:15     | Entered Level 15 of the Dungeon
 25334 | D:15     | Reached skill level 14 in Ranged Weapons
 25488 | D:15     | Reached skill level 14 in Long Blades
 25488 | D:15     | Reached skill level 7 in Translocations
 25522 | D:15     | Found a staircase to the Depths.
 25752 | D:15     | Reached skill level 8 in Translocations
 25918 | D:15     | Reached skill level 15 in Long Blades
 26521 | Swamp:1  | Entered Level 1 of the Swamp
 26521 | Swamp:1  | Found a transporter.
 26575 | Swamp:1  | Found a transporter.
 26754 | Swamp:1  | Reached skill level 16 in Long Blades
 26794 | Swamp:1  | Identified a +0 robe of the Archmagi
 26794 | Swamp:1  | Noticed Jorgrun
 26797 | Swamp:1  | Killed Jorgrun
 26855 | Swamp:1  | Reached XP level 17. HP: 115/122 MP: 12/20
 26863 | Swamp:1  | Reached skill level 9 in Translocations
 27008 | Swamp:1  | Identified Roxanne's Volume of Lithomancy
 27008 | Swamp:1  | Noticed Roxanne
 27013 | Swamp:1  | Killed Roxanne
 27780 | Swamp:2  | Reached skill level 10 in Translocations
 27949 | Swamp:2  | Reached skill level 17 in Long Blades
 28224 | Swamp:2  | Reached skill level 1 in Transmutations
 29018 | Swamp:3  | Reached skill level 2 in Transmutations
 29416 | Swamp:3  | Reached skill level 3 in Transmutations
 29547 | Swamp:3  | Identified the ring "Hitui" {Ice Str+3 Slay+3}
 29877 | Swamp:3  | Reached skill level 4 in Transmutations
 30373 | Swamp:4  | Entered Level 4 of the Swamp
 30377 | Swamp:4  | Reached skill level 11 in Translocations
 30388 | Swamp:4  | HP: 12/122 [something (11)]
 30389 | Swamp:4  | Reached skill level 18 in Long Blades
 31619 | Swamp:4  | Reached XP level 18. HP: 129/129 MP: 9/21
 31879 | Swamp:4  | Noticed Mlioglotl
 31888 | Swamp:4  | Killed Mlioglotl
 31889 | Swamp:4  | Reached skill level 12 in Translocations
 31993 | Swamp:4  | Got a decaying rune of Zot
 32059 | Swamp:4  | Reached skill level 19 in Long Blades
 32260 | Spider:1 | Entered Level 1 of the Spider Nest
 33108 | Spider:1 | Reached skill level 3 in Spellcasting
 33326 | Spider:1 | Mangled by a radroach

Vanquished Creatures
  Mlioglotl (Swamp:4)
  Jorgrun (Swamp:1)
  Gastronok (D:12)
  Frances (D:12)
  2 thorn hunters
  A fenstrider witch (Swamp:2)
  Roxanne (Swamp:1)
  An orc warlord (Orc:1)
  8 eleionomae
  2 green draconians (Swamp:2)
  5 bunyips
  2 fire dragons
  2 shambling mangroves (Swamp:4)
  24 hydras
  Josephine (D:9)
  11 vault guards
  A catoblepas (Lair:2)
  An ogre mage (D:15)
  3 ghost crabs
  A jorogumo (Spider:1)
  2 two-headed ogres
  9 alligators
  4 centaur warriors
  A demonspawn (Orc:2)
  6 boulder beetles
  6 orc high priests (Orc:2)
  A spriggan berserker (Swamp:4)
  Nergalle (D:11)
  A soul eater (Orc:2)
  Sonja (D:12)
  13 skeletal warriors
  2 goliath frogs
  7 swamp dragons
  5 spriggan druids
  A phantasmal warrior (D:15)
  Pikel (D:7)
  5 bog bodies
  2 orb spiders (Spider:1)
  A deep elf archer (D:12)
  8 orc knights
  A necromancer (D:15)
  A sphinx zombie (D:15)
  A steelbarb worm (Lair:2)
  A lindwurm (Lair:5)
  3 wolf spiders
  7 orc sorcerers
  17 ugly things
  4 deep elf pyromancers
  5 oklob plants
  5 cyclopes
  5 manticores
  2 will-o-the-wisps
  9 elephants
  A moth of wrath (Spider:1)
  6 black mambas
  A torpor snail (Spider:1)
  3 gargoyles
  2 rust devils (Orc:2)
  2 molten gargoyles (Lair:5)
  2 demonic crawlers (Spider:1)
  2 orange demons (Orc:2)
  2 spriggan zombies (D:15)
  2 rime drakes
  9 cane toads
  An unseen horror (D:12)
  3 unseen horror zombies (D:9)
  A yaktaur (D:15)
  3 kobold demonologists (D:13)
  14 komodo dragons
  4 freezing wraiths
  A meliai (D:12)
  2 unseen horror skeletons (D:9)
  13 trolls
  14 tyrant leeches
  Prince Ribbit (Bailey)
  16 hornets
  4 tarantellas (Spider:1)
  4 blink frogs (Lair:4)
  An ettin zombie (D:15)
  10 slime creatures
  4 flying skulls (D:9)
  18 spriggans
  3 culicivoras (Spider:1)
  A water elemental (D:15)
  2 jumping spiders (Spider:1)
  4 shadows (D:9)
  70 yaks
  9 wraiths
  3 vampires (D:12)
  5 humans (Bailey)
  2 fire bats
  13 basilisks
  10 wyverns
  4 steam dragons
  Eustachio (D:6)
  5 redbacks (Spider:1)
  A vampire mosquito (D:12)
  A neqoxec (Orc:2)
  A warg (Orc:1)
  11 swamp worms
  10 water moccasins
  Pargi (Sewer)
  4 hell hounds (Lair:5)
  A hornet zombie (D:9)
  36 orc warriors
  2 ice beasts
  2 sky beasts
  11 swamp drakes
  3 black bears
  7 ogres
  21 wolves
  5 boggarts (D:15)
  6 centaurs
  A lemure (D:7)
  A phantom (D:4)
  6 kobold brigands
  22 bullfrogs
  A scorpion (D:5)
  4 wights
  A wyvern skeleton (D:9)
  23 killer bees
  3 electric eels
  7 howler monkeys
  4 lava snakes (Lair:5)
  3 centaur zombies (D:9)
  4 hounds
  2 gnoll boudas
  20 orc priests
  A centaur skeleton (D:9)
  4 jellies
  3 sleepcaps
  Natasha (twice) (D:4 D:3)
  An iguana (D:5)
  20 orc wizards
  A howler monkey zombie (D:9)
  8 adders
  12 gnolls
  4 howler monkey skeletons (D:9)
  A shadow imp (D:6)
  5 white imps
  An ufetubus (D:5)
  An adder zombie (Ossuary)
  2 worms
  2 dart slugs
  63 orcs
  8 ball pythons
  6 bats
  6 endoplasms
  7 giant cockroaches
  14 goblins
  6 hobgoblins
  3 jackals (Sewer)
  5 quokkas
  3 ball python skeletons (Ossuary)
  2 frilled lizards (D:1)
  A hobgoblin skeleton (Ossuary)
  2 hobgoblin zombies (Ossuary)
  22 kobolds
  A kobold zombie (Ossuary)
  An orc skeleton (Ossuary)
  An orc zombie (Ossuary)
  4 rats
934 creatures vanquished.

Vanquished Creatures (others)
  An orc (Orc:2)
  9 foxfires
  18 fungi
  59 plants
  4 toadstools (Swamp:3)
  2 withered plants (D:15)
93 creatures vanquished.

Grand Total: 1027 creatures vanquished

Table legend: (Time is in decaauts)
 A = Elapsed time spent in this place.
 B = Non-inter-level travel time spent in this place.
 C = Inter-level travel time spent in this place.
 D = Time resting spent in this place.
 E = Time spent auto-exploring this place.
 F = Levels seen in this place.
 G = Mean time per level.
                   A        B        C        D        E       F      G
               +--------+--------+--------+--------+--------+-----+--------+
         Total |  37472 |  34004 |   3468 |   4300 |  22137 |  31 | 1208.8 |
       Dungeon |  19897 |  17821 |   2076 |   1043 |  12738 |  15 | 1326.5 |
        Temple |     79 |     71 |      8 |      0 |     52 |   1 |   79.0 |
          Lair |   6925 |   6114 |    811 |   1056 |   3902 |   5 | 1385.0 |
         Swamp |   6228 |   6008 |    220 |   1369 |   3735 |   4 | 1557.0 |
   Spider Nest |    543 |    543 |      0 |    228 |    185 |   1 |  543.0 |
  Orcish Mines |   2661 |   2310 |    351 |    325 |   1226 |   2 | 1330.5 |
         Sewer |    198 |    198 |      0 |      0 |    129 |   1 |  198.0 |
       Ossuary |    410 |    410 |      0 |     96 |     95 |   1 |  410.0 |
        Bailey |    528 |    528 |      0 |    181 |     72 |   1 |  528.0 |
               +--------+--------+--------+--------+--------+-----+--------+

Top non-repeatable levels by time:
  Lair:2: 2300 daAuts
    D:12: 2114 daAuts
 Swamp:2: 1943 daAuts
    D:10: 1919 daAuts
     D:7: 1803 daAuts
     D:8: 1774 daAuts
 Swamp:4: 1762 daAuts
     D:9: 1664 daAuts
   Orc:2: 1578 daAuts
     D:6: 1502 daAuts
    D:11: 1475 daAuts
  Lair:5: 1419 daAuts
 Swamp:3: 1323 daAuts
    D:15: 1257 daAuts
 Swamp:1: 1198 daAuts

Table legend:
 A = Non-vault XP
 B = Vault XP
 C = Vault XP percentage of total XP
 D = Non-vault monster count
 E = Vault monster count
 F = Vault count percentage of total count
                 A         B        C        D         E       F
            +---------+---------+-------+---------+---------+-------
      Total |  167389 |   94817 |  36.2 |     659 |     274 |  29.4
            +---------+---------+-------+---------+---------+-------
        D:1 |      41 |       0 |   0.0 |      26 |       0 |   0.0
        D:2 |      30 |       0 |   0.0 |      11 |       0 |   0.0
        D:3 |      99 |       0 |   0.0 |      18 |       0 |   0.0
        D:4 |     174 |      36 |  17.1 |      14 |       1 |   6.7
        D:5 |     595 |      12 |   2.0 |      15 |       6 |  28.6
        D:6 |     714 |     414 |  36.7 |      19 |       3 |  13.6
        D:7 |    1432 |     697 |  32.7 |      34 |       1 |   2.9
        D:8 |    1918 |       0 |   0.0 |      21 |       0 |   0.0
        D:9 |    3503 |    6581 |  65.3 |      22 |      37 |  62.7
       D:10 |    5770 |       0 |   0.0 |      39 |       0 |   0.0
       D:11 |    4101 |    3587 |  46.7 |      23 |      11 |  32.4
       D:12 |    6551 |   16732 |  71.9 |      22 |      30 |  57.7
       D:13 |    6501 |    5281 |  44.8 |      18 |       6 |  25.0
       D:14 |   13739 |     862 |   5.9 |      25 |       1 |   3.8
       D:15 |   16089 |    4571 |  22.1 |      34 |       8 |  19.0
     Lair:1 |    2757 |       0 |   0.0 |      14 |       0 |   0.0
     Lair:2 |   11089 |       0 |   0.0 |      37 |       0 |   0.0
     Lair:3 |    5256 |    2714 |  34.1 |      19 |       6 |  24.0
     Lair:4 |    8107 |     542 |   6.3 |      32 |       1 |   3.0
     Lair:5 |    4080 |    6446 |  61.2 |      20 |      25 |  55.6
    Swamp:1 |   19053 |    2990 |  13.6 |      36 |       2 |   5.3
    Swamp:2 |   15228 |    4708 |  23.6 |      26 |       8 |  23.5
    Swamp:3 |   14074 |    1436 |   9.3 |      22 |       1 |   4.3
    Swamp:4 |   11257 |   16495 |  59.4 |      22 |      25 |  53.2
   Spider:1 |    8273 |       0 |   0.0 |      23 |       0 |   0.0
      Orc:1 |    5588 |       0 |   0.0 |      49 |       0 |   0.0
      Orc:2 |    1370 |   16276 |  92.2 |      18 |      63 |  77.8
      Sewer |       0 |     151 | 100.0 |       0 |       4 | 100.0
    Ossuary |       0 |     301 | 100.0 |       0 |      12 | 100.0
     Bailey |       0 |    3985 | 100.0 |       0 |      23 | 100.0
            +---------+---------+-------+---------+---------+-------
